 Dungeon Crawl Stone Soup version 0.29-a0-284-gf9362112df (webtiles) character file.

Game seed: 2880673709655470991

51 garrulousMonolith the Shield-Bearer (level 3, -1/23 HPs)
             Began as a Gargoyle Fighter on Mar 25, 2022.
             Slain by a hobgoblin (4 damage)
             ... led by Robin
             ... on level 2 of the Dungeon.
             The game lasted 00:01:48 (1249 turns).

garrulousMonolith the Shield-Bearer (GrFi)          Turns: 1249, Time: 00:01:48

Health: -1/23      AC: 15    Str: 19    XL:     3   Next: 83%
Magic:  3/3        EV:  9    Int:  8    God:
Gold:   63         SH:  9    Dex: 13    Spells: 2/2 levels left

rFire   . . .      SeeInvis .   a - +0 flail
rCold   + . .      Faith    .   c - +0 buckler
rNeg    + . .      Spirit   .   b - +0 scale mail
rPois   ∞          Reflect  .   n - +2 helmet
rElec   +          Harm     .   (no cloak)
rCorr   .          Rampage  .   f - +0 pair of gloves
Will    .....                   k - +0 pair of boots
Stlth   ..........              (no amulet)
HPRegen 0.07/turn               g - ring of protection from cold
MPRegen 0.08/turn               (no ring)

@: weak-willed
A: sickness immunity, AC +3, negative energy resistance 1, electricity
resistance, torment resistance 1, petrification resistance, large bone plates 1,
agile 1
a: no special abilities


You were on level 2 of the Dungeon.
You visited 1 branch of the dungeon, and saw 2 of its levels.

You collected 63 gold pieces.

Inventory:

Hand Weapons
 a - a +0 flail (weapon)
Armour
 b - a +0 scale mail (worn)
 c - a +0 buckler (worn)
 f - a +0 pair of gloves (worn)
 k - a +0 pair of boots (worn)
 n - a +2 helmet (worn)
Jewellery
 g - a ring of protection from cold (left hand)
Scrolls
 h - a scroll of vulnerability
 l - a scroll of fear {unknown}
 m - a scroll of fog {unknown}
Potions
 d - a potion of might
 e - a potion of lignification
 j - a potion of mutation


   Skills:
 + Level 3.5 Fighting
 * Level 2.8 Maces & Flails
 + Level 3.6 Armour
 + Level 0.5 Dodging
 + Level 3.6 Shields
 + Level 0.9 Invocations


You had 2 spell levels left.
You didn't know any spells.
Your spell library was empty.

Dungeon Overview and Level Annotations

Branches:
Dungeon (2/15)

Altars:

Annotations:
D:2 Robin


Innate Abilities, Weirdness & Mutations

You are immune to sickness and miasma.
Your stone body is resilient. (AC +3)
You are immune to poison.
You resist negative energy. (rN+)
You are resistant to electric shocks. (rElec)
You are resistant to unholy torment.
You are immune to petrification.
You are partially covered in large bone plates. (SH +4)
You are agile. (Dex +2)


Message History

Okay, then.
As you read the scroll labelled JEATRA HINNIX, it crumbles to dust.
Magic quickly surges around you.
It was a scroll of vulnerability.
You block the hobgoblin's attack. The goblin hits you but does no damage.
The goblin barely misses you.
The endoplasm hits you but does no damage.
The goblin hits you but does no damage.
It was a potion of mutation.
You feel extremely strange.
Large bone plates grow over parts of your arms.
You feel agile. The goblin barely misses you. You block the hobgoblin's attack.
The goblin hits you with a +0 club. You block the goblin's attack.
The endoplasm freezes you.
You are frozen.
You resist.
A goblin comes into view. It is wielding a +0 dagger.
Okay, then.
Okay, then.
You barely miss the goblin.
The goblin is heavily wounded.
The goblin shouts!
You hear an angry hiss.
You block the goblin's attack. The goblin hits you but does no damage.
The endoplasm closely misses you.
Robin roars a battlecry!
The goblin goes into a battle-frenzy!
The hobgoblin hits you but does no damage.
The goblin barely misses you.
You hit the goblin.
The goblin is severely wounded.
The goblin completely misses you. You block the goblin's attack.
The endoplasm freezes you.
You are frozen.
You resist.
* * * LOW HITPOINT WARNING * * *
The hobgoblin barely misses you. The goblin hits you with a +0 club.
* * * LOW HITPOINT WARNING * * *
The goblin hits you with a +0 dagger.
* * * LOW HITPOINT WARNING * * *
The goblin hits you but does no damage.
The endoplasm hits you but does no damage.
The hobgoblin hits you.
You die...

#....# #....## #.....#
### ####...#.###<.
#.....##.....# .
###.######.†#### #..
###...#.........
#...h##gg.....########..
#...hgg@g###### #
#....gJ### #.....g
....##> ... #. #. ## #


You could see Robin (weak-willed), an endoplasm (weak-willed), 2 jackals, a
hobgoblin (strong, weak-willed) and 5 goblins.

Vanquished Creatures
  An adder (D:2)
  A dart slug (D:2)
  5 bats (D:1)
  4 endoplasms (D:1)
  2 giant cockroaches (D:1)
  6 goblins
  3 hobgoblins (D:1)
  2 quokkas
  3 ball pythons (D:1)
  A frilled lizard (D:1)
  5 kobolds (D:1)
  3 rats (D:1)
36 creatures vanquished.

Notes
Turn   | Place    | Note
-------+----------+-------------------------------------------
     0 | D:1      | garrulousMonolith the Gargoyle Fighter began the quest for
                  | the Orb.
     0 | D:1      | Reached XP level 1. HP: 14/14 MP: 1/1
   128 | D:1      | Reached XP level 2. HP: 3/19 MP: 2/2
   615 | D:1      | Reached XP level 3. HP: 16/23 MP: 3/3
   808 | D:1      | Found a faded altar of an unknown god.
  1236 | D:2      | Noticed Robin
  1247 | D:2      | Gained mutation: You are partially covered in large bone
                  | plates. (SH +4) [potion of mutation]
  1247 | D:2      | Gained mutation: You are agile. (Dex +2) [potion of
                  | mutation]
  1249 | D:2      | Slain by a hobgoblin

Illustrated notes

Levels and vault maps discovered:
D:1:      dpeg_arrival_refuge, layout_rooms, basic_ecumenical_altar,
          interstate_on_off
D:2:      layout_rooms, minmay_indecisive_spiral, uniq_robin

Action                   || total
-------------------------++-------
Melee: Flail             ||   132
  Use: Potion            ||     2
       Scroll            ||     1
Armor: Scale mail        ||   120
       Skin              ||     1
Dodge: Dodged            ||   116
Block: Buckler           ||    38

Table legend: (Time is in decaauts)
 A = Elapsed time spent in this place.
 B = Non-inter-level travel time spent in this place.
 C = Inter-level travel time spent in this place.
 D = Time resting spent in this place.
 E = Time spent auto-exploring this place.
 F = Levels seen in this place.
 G = Mean time per level.
                   A        B        C        D        E       F      G
               +--------+--------+--------+--------+--------+-----+--------+
         Total |   1289 |   1191 |     98 |    273 |    590 |   2 |  644.5 |
       Dungeon |   1289 |   1191 |     98 |    273 |    590 |   2 |  644.5 |
               +--------+--------+--------+--------+--------+-----+--------+

Top non-repeatable levels by time:
     D:1: 1236 daAuts
     D:2: 52 daAuts
